 Dungeon Crawl Stone Soup version 0.29-a0-214-g17f627cfee (webtiles) character file.

Game seed: 6781870405226526202

11 sammy202020 the Skirmisher (level 2, 0/24 HPs)
             Began as a Demonspawn Berserker on Feb 25, 2022.
             Was a Follower of Trog.
             Slain by a quokka (2 damage)
             ... on level 1 of the Dungeon.
             The game lasted 00:00:47 (292 turns).

sammy202020 the Skirmisher (Demonspawn Berserker)    Turns: 292, Time: 00:00:48

Health: 0/24       AC:  2    Str: 17    XL:     2   Next: 17%
Magic:  2/2        EV: 12    Int:  8    God:    Trog [*.....]
Gold:   45         SH:  4    Dex: 12    Spells: 1/1 levels left

rFire   . . .      SeeInvis .   a - +0 hand axe
rCold   . . .      Faith    .   (no shield)
rNeg    . . .      Spirit   .   b - +0 animal skin
rPois   .          Reflect  .   (no helmet)
rElec   .          Harm     .   (no cloak)
rCorr   .          Rampage  .   (no gloves)
Will    .....                   (no boots)
Stlth   +.........              (no amulet)
HPRegen 0.08/turn               (no ring)
MPRegen 0.08/turn               (no ring)

@: on berserk cooldown, slowed, very slow
A: condensation shield
a: Renounce Religion, Berserk


You were on level 1 of the Dungeon.
You worshipped Trog.
Trog was aware of your devotion.
You visited 1 branch of the dungeon, and saw 1 of its levels.

You collected 45 gold pieces.

Inventory:

Hand Weapons
 a - a +0 hand axe (weapon)
Armour
 b - a +0 animal skin (worn)
Scrolls
 c - a scroll of identify {unknown}
 d - a scroll of immolation {unknown}
Potions
 e - a potion of heal wounds {unknown}


   Skills:
 + Level 3.1 Fighting
 + Level 2.8 Axes
 + Level 2.0 Armour
 + Level 2.0 Dodging


You had one spell level left.
You didn't know any spells.
Your spell library was empty.

Dungeon Overview and Level Annotations

Branches:
Dungeon (1/15)

Altars:


Innate Abilities, Weirdness & Mutations

A meltable shield of frost defends you. (SH +4)


Message History

You closely miss the goblin.
The goblin is severely wounded.
You feel sick. The goblin barely misses you.
A red film seems to cover your vision as you go berserk!
You feel yourself moving faster!
You feel mighty!
You feel sick. You block the goblin's attack.
You closely miss the goblin.
The goblin is severely wounded.
You feel sick.
You hit the goblin.
You kill the goblin!
Trog accepts your kill.
The kobold throws a stone.
The stone hits you.
* * * LOW HITPOINT WARNING * * *
You feel sick.
You are no longer poisoned.
You block the kobold's attack.
Things that are here:
a +0 dagger; a goblin corpse You hit the kobold.
You kill the kobold!
Trog accepts your kill.
You slash the frilled lizard!
You kill the frilled lizard!
Trog accepts your kill.
A quokka comes into view.
Things that are here:
a +2 dagger of venom; a stone You feel a strong urge to attack something.
Things that are here:
a +0 dagger; a goblin corpse You are no longer berserk.
You are exhausted.
You feel yourself slow down.
Things that are here:
a +2 dagger of venom; a stone You miss the quokka.
The quokka bites you.
* * * LOW HITPOINT WARNING * * *
You barely miss the quokka. The quokka bites you.
You die...

..## ... .. #.##.# #####
..#.# ....# ##.#.# ....
.....# ##.#_ ....##
#..###.##
.....###########.#......
..............))@..>.)..
...#.####.######r#..##.#
...#)## #.# #.......
...#..# #.# ##.#....#
.^.##.# #.# .. ....
...##.###.# ... ###
...##..##.# #...
...###.##.# #### ...#
#.##.#


You could see a quokka.

Vanquished Creatures
  A bat (D:1)
  An endoplasm (D:1)
  3 goblins (D:1)
  2 kobolds (D:1)
  A quokka (D:1)
  2 frilled lizards (D:1)
  A rat (D:1)
11 creatures vanquished.

Notes
Turn   | Place    | Note
-------+----------+-------------------------------------------
     0 | D:1      | sammy202020 the Demonspawn Berserker began the quest for
                  | the Orb.
     0 | D:1      | Reached XP level 1. HP: 18/18 MP: 1/1
   248 | D:1      | Gained mutation: A meltable shield of frost defends you.
                  | (SH +4) [demonic ancestry]
   248 | D:1      | Reached XP level 2. HP: 22/24 MP: 2/2
   274 | D:1      | Found a faded altar of an unknown god.
   292 | D:1      | Slain by a quokka

Illustrated notes

Levels and vault maps discovered:
D:1:      dpeg_arrival_refuge, layout_basic, ebering_ecumenical_altar_rust,
          minmay_lizard_king

Skill      XL: |  1 |
---------------+----+-----
Armour         | 2 |  2.0
Dodging        | 2 |  2.0
Fighting       | |  3.1
Axes           | |  2.8

Action                   || total
-------------------------++-------
Melee: Hand axe          ||    25
Invok: Berserk           ||     1
Armor: Animal skin       ||     8
Dodge: Dodged            ||    15
Block: Other             ||     3

Table legend: (Time is in decaauts)
 A = Elapsed time spent in this place.
 B = Non-inter-level travel time spent in this place.
 C = Inter-level travel time spent in this place.
 D = Time resting spent in this place.
 E = Time spent auto-exploring this place.
 F = Levels seen in this place.
 G = Mean time per level.
                   A        B        C        D        E       F      G
               +--------+--------+--------+--------+--------+-----+--------+
         Total |    293 |    293 |      0 |      0 |    219 |   1 |  293.0 |
       Dungeon |    293 |    293 |      0 |      0 |    219 |   1 |  293.0 |
               +--------+--------+--------+--------+--------+-----+--------+

Top non-repeatable levels by time:
     D:1: 293 daAuts
